 Dungeon Crawl Stone Soup version 0.31.0-11-ge490571c62 (webtiles) character file.

Game seed: 1699505739190467393

325 Arctor the Magician (level 6, -3/32 HPs)
             Began as a Deep Elf Fire Elementalist on Feb 5, 2024.
             Slain by Dowan
             ... wielding a +0 dagger
              (4 damage)
             ... on level 4 of the Dungeon.
             The game lasted 00:03:51 (5164 turns).

Arctor the Magician (Deep Elf Fire Elementalist)    Turns: 5164, Time: 00:03:52

Health: -3/32      AC:  4    Str: 11    XL:     6   Next: 24%
Magic:  10/15      EV: 13    Int: 22    God:
Gold:   165        SH:  0    Dex: 15    Spells: 11/14 levels left

rFire   . . .        t - +1 dagger (venom)
rCold   . . .        (no shield)
rNeg    . . .        a - +0 robe
rPois   .            f - +0 helmet
rElec   .            (no cloak)
rCorr   .            (no gloves)
SInv    .            m - +0 pair of boots
Will    +....        (no amulet)
Stlth   +++          e - ring of willpower
HPRegen 0.25/turn    p - +6 ring of strength
MPRegen 0.14/turn

%: no passive effects
@: no status effects
A: no striking features
a: no special abilities


You were on level 4 of the Dungeon.
You visited 1 branch of the dungeon, and saw 4 of its levels.

You collected 165 gold pieces.

Inventory:

Hand Weapons
 t - a +1 dagger of venom (weapon)
Armour
 a - a +0 robe (worn)
 f - a +0 helmet (worn)
 m - a +0 pair of boots (worn)
Jewellery
 e - a ring of willpower (left hand)
 h - a ring of flight
 p - a +6 ring of strength (right hand)
Scrolls
 c - a scroll of brand weapon {unknown}
 i - a scroll of identify {unknown}
 j - 2 scrolls of teleportation {unknown}
 n - a scroll of enchant weapon {unknown}
 q - a scroll of fear {unknown}
 r - a scroll of revelation {unknown}
 s - a scroll of noise {unknown}
 u - a scroll of torment {unknown}
Potions
 d - 2 potions of might {unknown}
 g - a potion of lignification {unknown}
 k - a potion of curing {unknown}
 l - a potion of heal wounds {unknown}
 o - a potion of degeneration {unknown}
 v - a potion of haste {unknown}


   Skills:
 + Level 4.1 Dodging
 + Level 4.4 Stealth
 + Level 4.7 Spellcasting
 + Level 3.1 Conjurations
 + Level 4.5 Fire Magic


You had 11 spell levels left.
You knew the following spells:

 Your Spells              Type           Power      Damage    Failure   Level
a - Foxfire               Conj/Fire      88%        2x1d8     2%          1
b - Scorch                Fire           50%        2d7       2%          2

Your spell library contained the following spells:

 Spells                   Type           Power      Damage    Failure   Level
 Slow                     Hex            20%        N/A       11%         1
 Inner Flame              Hex/Fire       15%        N/A       12%         3
 Volatile Blastmotes      Fire/Tloc      30%        2d12      12%         3
 Flame Wave               Conj/Fire      22%        2d8       22%         4
 Confusing Touch          Hex            5%         N/A       30%         3
 Sigil of Binding         Hex            5%         N/A       30%         3
 Vampiric Draining        Necr           5%         2d6       30%         3


Dungeon Overview and Level Annotations

Branches:
Dungeon (4/15)
 Temple: D:4-7

Altars:
Elyvilon
Makhleb
Vehumet

Shops:
D:1 *   D:3 (

Annotations:
D:4 Dowan, Duvessa


Message History

Casting: Foxfire (safe; 2% risk of failure)
Confirm with . or Enter, or press ? or * to list all spells.
Flames lash Dowan.
Dowan is moderately wounded.
Dowan's fire resistance burns away.
The foxfire hits Duvessa but does no damage.
Duvessa is heavily wounded.
Duvessa hits you but does no damage.
Casting: Scorch (safe; 2% risk of failure)
Confirm with . or Enter, or press ? or * to list all spells.
Flames lash Duvessa but do no damage.
Duvessa closely misses you.
Dowan throws and catches a handful of magical flame, then smirks.
Dowan hits you with a +0 dagger.
Unknown command.
Your foxfire dissipates!
The foxfire hits Duvessa but does no damage.
Duvessa is heavily wounded.
Casting: Scorch (safe; 2% risk of failure)
Confirm with . or Enter, or press ? or * to list all spells.
Flames lash Dowan.
Dowan is burned terribly!
Dowan is heavily wounded.
Duvessa gestures with her weapon.
Duvessa hits you with a +0 short sword! Magic courses through your body.
Duvessa gestures with her weapon.
Casting: Scorch (safe; 2% risk of failure)
Confirm with . or Enter, or press ? or * to list all spells.
Flames lash Duvessa but do no damage.
Duvessa hits you with a +0 short sword!
Casting: Scorch (safe; 2% risk of failure)
Confirm with . or Enter, or press ? or * to list all spells.
Flames lash Duvessa.
Duvessa is almost dead.
Duvessa's fire resistance burns away.
Duvessa hits you with a +0 short sword!
* * * LOW HITPOINT WARNING * * *
Casting: Scorch (safe; 2% risk of failure)
Confirm with . or Enter, or press ? or * to list all spells.
Flames lash Duvessa but do no damage.
Duvessa hits you with a +0 short sword.
* * * LOW HITPOINT WARNING * * *
Dowan hits you with a +0 dagger.
You die...

.##. #..........
....##..........
....#....).....
#.............
#........#
#........#
#........#
##e#######
#e@########...
##..#.......).
##...#####...
#..#### ##....#
####.### #...###
###)..# . ###.#
.


You could see Duvessa (combustible) and Dowan (combustible).

Vanquished Creatures
  The ghost of superradish the Changeling, an amateur OpSh (D:3)
  A jelly (D:4)
  2 orc wizards (D:3)
  Robin (D:2)
  A gnoll (D:1)
  3 adders
  4 ribbon worms
  5 dart slugs
  16 orcs
  2 endoplasms
  2 giant cockroaches
  9 goblins
  8 hobgoblins
  6 jackals
  6 quokkas
  4 ball pythons
  4 bats
  2 frilled lizards
  7 kobolds
  7 rats
91 creatures vanquished.

Vanquished Creatures (collateral kills)
  4 foxfires
4 creatures vanquished.

Vanquished Creatures (others)
  598 foxfires
598 creatures vanquished.

Grand Total: 693 creatures vanquished

Notes
Turn   | Place    | Note
-------+----------+-------------------------------------------
     0 | D:1      | Arctor the Deep Elf Fire Elementalist began the quest for
                  | the Orb.
     0 | D:1      | Reached XP level 1. HP: 10/10 MP: 6/6
   203 | D:2      | Reached XP level 2. HP: 15/15 MP: 2/8
   210 | D:2      | Learned a level 2 spell: Scorch
   479 | D:1      | Found Belustett's General Store.
   860 | D:1      | Reached XP level 3. HP: 19/19 MP: 6/9
  2081 | D:2      | Reached XP level 4. HP: 24/24 MP: 7/11
  2332 | D:2      | Noticed Robin
  2336 | D:2      | Killed Robin
  2815 | D:3      | Found a burning altar of Makhleb.
  3001 | D:3      | Found a runed translucent gate.
  3001 | D:3      | Found a runed translucent gate.
  3001 | D:3      | Found a runed translucent gate.
  3001 | D:3      | Noticed superradish's ghost (amateur OpSh)
  3205 | D:3      | Reached XP level 5. HP: 25/28 MP: 0/13
  3863 | D:3      | Found Cirag's Antique Weapon Boutique.
  4657 | D:3      | Found a radiant altar of Vehumet.
  4657 | D:3      | Found a white marble altar of Elyvilon.
  4767 | D:3      | Killed superradish's ghost
  4768 | D:3      | Reached XP level 6. HP: 26/32 MP: 8/14
  5147 | D:4      | Noticed Duvessa
  5147 | D:4      | Noticed Dowan
  5164 | D:4      | HP: 1/32 [Duvessa/+0 short sword (4)]
  5164 | D:4      | Slain by Dowan

Illustrated notes

Levels and vault maps discovered:
D:1:      dpeg_arrival_stonehenge_8_columns, layout_rooms, serial_shops, shop,
          corner_web_ring, dreamdust_princess_corridor, serial_bayou_pond_c
D:2:      layout_basic, uniq_robin
D:3:      minmay_evil_eye, layout_basic, gammafunk_temple_overflow_forgotten,
          ebering_ghost_rock_garden, serial_shops, shop, minmay_diced_spiral
D:4:      minmay_general_purpose_star, layout_basic, uniq_duvessa

Skill      XL: |  1  2  3  4  5 |
---------------+----------------+-----
Stealth        | 3 4 |  4.4
Dodging        | 3 4 |  4.1
Conjurations   | 2 3 |  3.1
Spellcasting   | 4 |  4.7
Fire Magic     | 4 |  4.5

Action                     |  1- 3 |  4- 6 || total
---------------------------+-------+-------++-------
  Melee: Unarmed           |     3 |     8 ||    11
   Cast: Foxfire           |   156 |   213 ||   369
         Scorch            |       |    11 ||    11
    Use: Potion            |       |     1 ||     1
 Armour: Robe              |    31 |    17 ||    48
  Dodge: Dodged            |    47 |    27 ||    74
